 Dungeon Crawl Stone Soup version 0.31-a0-702-gf82c85558f (webtiles) character file.

Game seed: 9977322962793239315

261 qw the Shooter (level 6, -1/37 HPs)
             Began as a Gargoyle Hunter on Sept 8, 2023.
             Slain by Grinder (2 damage)
             ... on level 3 of the Dungeon.
             The game lasted 00:00:48 (1936 turns).

qw the Shooter (Gargoyle Hunter)                    Turns: 1936, Time: 00:00:48

Health: -1/37      AC: 10    Str: 15    XL:     6   Next: 18%
Magic:  6/6        EV: 11    Int:  9    God:
Gold:   185        SH:  0    Dex: 15    Spells: 5/5 levels left

rFire   . . .        Y - +0 shortbow
rCold   . . .        (shield currently unavailable)
rNeg    + . .        c - +0 leather armour
rPois   inf          f - +0 helmet
rElec   +            (no cloak)
rCorr   .            (no gloves)
SInv    .            h - +0 pair of boots
Will    .....        (no amulet)
Stlth   ++           (no ring)
HPRegen 0.26/turn    (no ring)
MPRegen 0.10/turn

%: no passive effects
@: no status effects
A: sickness immunity, AC +4, negative energy resistance 1, electricity
resistance, torment resistance 1, petrification resistance
a: no special abilities


You were on level 3 of the Dungeon.
You visited 1 branch of the dungeon, and saw 3 of its levels.

You collected 185 gold pieces.


Innate Abilities, Weirdness & Mutations

You are immune to sickness and miasma.
Your stone body is resilient. (AC +4)
You are immune to poison.
You resist negative energy. (rN+)
You are resistant to electric shocks. (rElec)
You are resistant to unholy torment.
You are immune to petrification.


   Skills:
 - Level 3.1 Fighting
 + Level 5.3 Ranged Weapons
 - Level 4.5 Armour
 - Level 1.5 Dodging
 - Level 1.1 Stealth


You had 5 spell levels left.
You didn't know any spells.
Your spell library was empty.

Inventory:

Hand Weapons
 Y - a +0 shortbow (weapon)
Armour
 c - a +0 leather armour (worn)
 e - a +2 leather armour of cold resistance
 f - a +0 helmet (worn)
 h - a +0 pair of boots (worn)
Scrolls
 a - 3 scrolls of identify
 b - a scroll of enchant armour {unknown}
 j - a scroll of fear {unknown}
Potions
 d - 4 potions of curing
 i - a potion of mutation {unknown}

Dungeon Overview and Level Annotations

Branches:
Dungeon (3/15)

Altars:
Ru

Annotations:
D:3 Grinder


Message History

You shoot an arrow. The arrow hits Grinder.
Grinder is severely wounded.
Grinder hits you.
You shoot an arrow.
The arrow hits Grinder but does no damage.
Grinder is severely wounded.
Grinder gestures at you.
You suddenly lose the ability to move!
Grinder hits you but does no damage. Grinder hits you but does no damage.
Grinder gestures at you.
You shrug off the repeated paralysis!
Grinder hits you. Grinder hits you but does no damage.
You can move again.
You shoot an arrow. The arrow closely misses Grinder.
Grinder barely misses you.
You shoot an arrow. The arrow closely misses Grinder.
Grinder closely misses you.
You shoot an arrow. The arrow hits Grinder.
Grinder is severely wounded.
Grinder hits you but does no damage.
You shoot an arrow.
The arrow hits Grinder but does no damage.
Grinder is severely wounded.
Grinder misses you.
You shoot an arrow.
The arrow hits Grinder but does no damage.
Grinder is severely wounded.
Grinder gestures at you.
You suddenly lose the ability to move!
Grinder hits you but does no damage. x2
You can move again.
You shoot an arrow. The arrow closely misses Grinder.
Grinder gestures at you.
You barely resist. You shoot an arrow. The arrow hits Grinder.
Grinder is severely wounded.
Grinder hits you! Grinder hits you.
You writhe in agony.
You die...
Grinder says, "Now the real fun starts!"

### ########## #..
........####### #.#
##...?..5......
#.######...###@#
###...........##.#
#.#
....####.......#.##.#
#.#
#.......<...........#
#.#
#..............####.#
#.# .#..#####.....##
# #.# ###.#####....##
#.### #
##.##.....#######
##.####.#.##
##...#..........
.........#.#


You could see Grinder.

Vanquished Creatures
  Sigmund (D:3)
  Terence (D:3)
  Robin (D:2)
  2 dart slugs
  An orc (D:3)
  3 ball pythons
  An endoplasm (D:2)
  3 giant cockroaches
  12 goblins
  5 hobgoblins (D:2)
  2 jackals (D:1)
  4 kobolds
  4 quokkas
  3 bats
  6 frilled lizards
  2 rats (D:1)
51 creatures vanquished.

Notes
Turn   | Place    | Note
-------+----------+-------------------------------------------
     0 | D:1      | qw the Gargoyle Hunter began the quest for the Orb.
     0 | D:1      | Reached XP level 1. HP: 12/12 MP: 1/1
     0 | D:1      | 0 ||| qw: Version: 0.3-a-76-g4403597
     0 | D:1      | 0 ||| qw: Game counter: 1235
     0 | D:1      | 0 ||| qw: Melee chars always use a shield: true
     0 | D:1      | 0 ||| qw: God list: Okawaru
     0 | D:1      | 0 ||| qw: Allow faded altars: false
     0 | D:1      | 0 ||| qw: Do Orc after clearing Dungeon:15 true
     0 | D:1      | 0 ||| qw: Do second Lair branch before Depths: true
     0 | D:1      | 0 ||| qw: Lair rune preference: random
     0 | D:1      | 0 ||| qw: Goals: Normal
     0 | D:1      | 0 ||| PLANNING D:1-11
   259 | D:1      | Reached XP level 2. HP: 16/17 MP: 2/2
   432 | D:1      | HP: 4/17 [quokka (4)]
   617 | D:1      | 617 ||| UPGRADING to +0 pair of boots.
   622 | D:1      | 622 ||| READING 2 scrolls labelled AVVAVALLING.
   623 | D:1      | 623 ||| READING scroll labelled FAPPOAPLOG.
   624 | D:1      | 624 ||| READING scroll labelled VORIPN WOATENK.
   625 | D:1      | 625 ||| READING scroll labelled FAIKYFRE YKHLIE.
   629 | D:1      | 629 ||| DRINKING 3 amethyst potions.
   630 | D:1      | 630 ||| DROPPING scroll of butterflies.
   664 | D:2      | 664 ||| STAIRDANCE
   688 | D:2      | Reached XP level 3. HP: 21/21 MP: 3/3
   709 | D:2      | Reached skill level 5 in Ranged Weapons
   767 | D:2      | Noticed Robin
   793 | D:2      | Killed Robin
   793 | D:2      | HP: 5/22 [goblin/+0 club[Robin] (4)]
   794 | D:2      | Reached skill level 3 in Fighting
   800 | D:2      | Reached XP level 4. HP: 9/28 MP: 4/4
  1001 | D:2      | Found a sacrificial altar of Ru.
  1121 | D:2      | Found a faded altar of an unknown god.
  1180 | D:2      | 1180 ||| UPGRADING to +0 helmet.
  1185 | D:2      | 1185 ||| DROPPING amulet of magic regeneration.
  1186 | D:2      | 1186 ||| READING 2 scrolls of identify.
  1186 | D:2      | 1186 ||| IDENTIFYING murky dark potion
  1187 | D:2      | 1187 ||| DROPPING potion of ambrosia.
  1357 | D:3      | Noticed Sigmund
  1365 | D:3      | HP: 3/28 [Sigmund/magic dart (10)]
  1366 | D:3      | 1366 ||| READING scroll of teleportation.
  1367 | D:3      | Killed Sigmund
  1368 | D:3      | Reached XP level 5. HP: 4/32 MP: 5/5
  1368 | D:3      | Reached XP level 6. HP: 4/37 MP: 6/6
  1654 | D:3      | Noticed Terence
  1668 | D:3      | HP: 4/37 [Terence/+1 heavy flail (15)]
  1669 | D:3      | 1669 ||| READING scroll of teleportation.
  1800 | D:3      | Killed Terence
  1908 | D:3      | Noticed Grinder
  1923 | D:3      | Paralysed by Grinder for 5 turns
  1926 | D:3      | HP: 9/37 [Grinder (3)]
  1932 | D:3      | Paralysed by Grinder for 3 turns
  1936 | D:3      | HP: 4/37 [Grinder (8)]
  1936 | D:3      | HP: 1/37 [Grinder (3)]
  1936 | D:3      | Slain by Grinder

Levels and vault maps discovered:
D:1:      minmay_arrival_widening_spiral_narrow, layout_rooms
D:2:      layout_rooms, hellmonk_ecumenical_altar_run_dry, basic_altar,
          kennysheep_pointless_box, uniq_robin
D:3:      layout_loops_ring, uniq_terence, uniq_grinder, uniq_sigmund

Skill      XL: |  1  2  3  4 |
---------------+-------------+-----
Ranged Weapons | 5 |  5.3
Fighting       | 3 |  3.1
Armour         | 4 |  4.5
Dodging        | |  1.5
Stealth        | |  1.1

Action                     |  1- 3 |  4- 6 || total
---------------------------+-------+-------++-------
   Fire: Shortbow          |   114 |    88 ||   202
    Use: Scroll            |     4 |     3 ||     7
         Potion            |     1 |       ||     1
 Armour: Leather armour    |    57 |    36 ||    93
  Dodge: Dodged            |    36 |    24 ||    60

Table legend:
 A = Non-vault XP
 B = Vault XP
 C = Vault XP percentage of total XP
 D = Non-vault monster count
 E = Vault monster count
 F = Vault count percentage of total count
                 A         B        C        D         E       F
            +---------+---------+-------+---------+---------+-------
      Total |      66 |     308 |  82.4 |      37 |      14 |  27.5
            +---------+---------+-------+---------+---------+-------
        D:1 |      32 |       0 |   0.0 |      19 |       0 |   0.0
        D:2 |      26 |      37 |  58.7 |      14 |      12 |  46.2
        D:3 |       8 |     271 |  97.1 |       4 |       2 |  33.3
            +---------+---------+-------+---------+---------+-------
